 Dungeon Crawl Stone Soup version 0.19-a0-526-gbe2e51c (webtiles) character file.

340 Duffy the Chopper (level 6, 56/56 HPs)
             Began as a Hill Orc Berserker on June 7, 2016.
             Was a Believer of Trog.
             Quit the game in a sewer.
             The game lasted 00:02:28 (1147 turns).

Duffy the Chopper (Hill Orc Berserker)              Turns: 1147, Time: 00:02:29

Health: 56/56      AC:  7    Str: 20    XL:     6   Next: 56%
Magic:  6/6        EV: 12    Int:  8    God:    Trog [**....]
Gold:   16         SH:  0    Dex: 11    Spells: 0 memorised, 5 levels left

rFire  . . .     SeeInvis .     a - +1 hand axe
rCold  . . .     Gourm    .     g - +0 ring mail
rNeg   + . .     Faith    .     (no shield)
rPois  +         Spirit   .     j - +0 helmet of the Ecumenical Temple {rPois rN+} (curse)
rElec  .         Dismiss  .     (no cloak)
rCorr  .         Reflect  .     (no gloves)
SustAt .         Harm     .     (no boots)
MR     .....                    (no amulet)
Stlth  ..........               (no ring)
                                (no ring)

@: not resistant to hostile enchantments, extremely unstealthy
A: no striking features
a: Berserk, Trog's Hand, Burn Spellbooks, Renounce Religion


You were in a sewer.
You worshipped Trog.
Trog was pleased with you.
You were not hungry.

You visited 1 branch of the dungeon, and saw 4 of its levels.
You also visited: Sewer.

You collected 16 gold pieces.


   Skills:
 + Level 5.2 Fighting
 + Level 5.9 Axes
 + Level 4.1 Armour
 + Level 3.0 Dodging


You had 5 spell levels left.
You didn't know any spells.

Inventory:

Hand Weapons
 a - a +1 hand axe (weapon)
Missiles
 q - a throwing net (quivered)
Armour
 b - a +0 animal skin
 g - a +0 ring mail (worn)
 j - the cursed +0 helmet of the Ecumenical Temple (worn) {rPois rN+}

   It protects you from poison.
   It protects you from negative energy.
   It has a curse placed upon it.
 l - a quicksilver dragon hide
Wands
 m - a wand of random effects (32/48)
Scrolls
 k - a scroll of fear
Potions
 e - a potion of lignification {unknown}
 f - 2 potions of beneficial mutation {unknown}
Comestibles
 c - a bread ration
 n - 2 chunks of flesh
 p - a meat ration

Dungeon Overview and Level Annotations

Branches:
Dungeon (4/15)
 Temple: D:4-7

Altars:
Yredelemnul


Message History

An adder comes into view.
The adder closely misses you. The adder bites you.
You hit the adder.
The adder is heavily wounded.
The adder bites you but does no damage.
You completely miss the adder.
The adder is heavily wounded.
The adder bites you but does no damage.
You hit the adder.
You kill the adder!
Trog accepts your kill.
Your Dodging skill increases to level 3!
No target in view!
No target in view!
No target in view!
No target in view!
No target in view!
No target in view!
No target in view!
No target in view!
No target in view!
As you read the scroll labeled HAORAE YSAQO, it crumbles to dust.
The scroll dissolves into smoke.
It was a scroll of fog.
As you read the scroll labeled ESIEBE INWEVYXT, it crumbles to dust.
It is a scroll of enchant weapon.
Enchant which weapon? (? for menu, Esc to quit)
Your +0 hand axe glows red for a moment.
As you read the scroll labeled PIBUP NILIEDOE, it crumbles to dust.
It is a scroll of identify.
Identify which item? (\ to view known items) (? for menu, Esc to quit)
k - a scroll of fear
As you read the scroll labeled BOPREO QUELI, it crumbles to dust.
You feel aware of your surroundings.
You sensed 1 shop/portal.
It was a scroll of magic mapping.
Eating one of 3 chunks of flesh.
This raw flesh tastes terrible.
You continue eating. x2
You see here an adder corpse.
You enter the shallow water.
Moving in this stuff is going to be slow.
You enter the shallow water.
Moving in this stuff is going to be slow.
You enter the shallow water.
Moving in this stuff is going to be slow.
You enter the shallow water.
Moving in this stuff is going to be slow.
You enter the shallow water.
Moving in this stuff is going to be slow.
A giant newt and an adder come into view.
There are monsters nearby!
Are you sure you want to abandon this character and quit the game? (Confirm with "yes".)

*,*,** *~* ****,, ,*,** *~#
**,*,,* *,** *~# *,**,*, *,,****
*~# *,*,*** ***,,,** *S# **,***,
*,***,* *.# *,*,***
#################~######*********
\00.0~.~~~~~.~.~~~.~~~.~,,~~,,~,,
\00.00~~..~..~.~@.~~.l.~,~,,,,,,,
########################*********


You could see an adder and a giant newt.

Action                   |  1- 3 |  4- 6 || total
-------------------------+-------+-------++-------
Melee: Hand axe          |    50 |    68 ||   118
Invok: Berserk           |       |     4 ||     4
  Use: Scroll            |       |     4 ||     4
  Eat: Bread ration      |       |     1 ||     1
       Chunk             |       |     1 ||     1
Armor: Ring mail         |    15 |    29 ||    44
       Animal skin       |     1 |       ||     1
Dodge: Dodged            |    31 |    55 ||    86

Notes
Turn   | Place    | Note
--------------------------------------------------------------
     0 | D:1      | Duffy the Hill Orc Berserker began the quest for the Orb.
     0 | D:1      | Reached XP level 1. HP: 19/19 MP: 1/1
   243 | D:1      | Reached XP level 2. HP: 27/27 MP: 2/2
   273 | D:3      | Noticed Ijyb
   294 | D:3      | Killed Ijyb
   294 | D:3      | Reached skill level 4 in Fighting
   294 | D:3      | Reached skill level 2 in Dodging
   294 | D:3      | Reached XP level 3. HP: 30/33 MP: 3/3
   406 | D:3      | Reached skill level 3 in Armour
   406 | D:3      | Reached XP level 4. HP: 37/40 MP: 4/4
   591 | D:4      | Noticed an ogre
   600 | D:4      | Killed an ogre
   600 | D:4      | Reached skill level 5 in Axes
   600 | D:4      | Reached XP level 5. HP: 38/47 MP: 5/5
   603 | D:4      | Got a faintly humming helmet
   611 | D:4      | Identified the cursed +0 helmet of the Ecumenical Temple {rPois rN+} (You found it on level 4 of the Dungeon)
   920 | D:4      | Reached skill level 5 in Fighting
   920 | D:4      | Reached XP level 6. HP: 56/56 MP: 6/6
   941 | D:4      | Found a basalt altar of Yredelemnul.
   961 | D:4      | Reached ** piety under Trog
   961 | D:4      | Reached skill level 4 in Armour
  1105 | D:4      | Found a glowing drain.
  1116 | Sewer    | Entered a sewer
  1125 | Sewer    | Reached skill level 3 in Dodging
  1147 | Sewer    | Quit the game

Skill      XL: |  1  2  3  4  5  6 |
---------------+-------------------+-----
Fighting       | 4 5 |  5.2
Dodging        | 2 3 |  3.0
Armour         | 3 4 |  4.1
Axes           | 5 |  5.9

Vault maps used:
D:1:      sevenhm_arrival_forest_fort_large_4, grunt_decor_one_mirror,
          minmay_distorted
D:2:      uniq_sigmund, uniq_terence, uniq_natasha
D:3:      nicolae_overflow_hidden_temple, bloody_makhleb, first_bread,
          minivault_24, nrook_uturn, uniq_iyjb, uniq_grinder
D:4:      lemuel_round_altar, gammafunk_temple_overflow_claw,
          portal_sewer_entry_a, kennysheep_generic_room_8
Sewer:    sewer_co_cracked_pipes

Vanquished Creatures
  An ogre
  4 iguanas Ijyb
  2 worker ants
  3 gnolls
  2 adders
  An ooze
  A dart slug
  2 giant geckos
  6 orcs
  A hobgoblin
  A jackal
  2 ball pythons
  3 giant newts
  4 kobolds
  A rat
35 creatures vanquished.
